 Dungeon Crawl Stone Soup version 0.29-a0-892-g2c4c91d9db (webtiles) character file.

Game seed: 5126733659043030109

18 kae the Insei (level 2, 0/23 HPs)
             Began as a Demonspawn Gladiator on July 22, 2022.
             Succumbed to a goblin's poison
             ... on level 1 of the Dungeon.
             The game lasted 00:01:07 (537 turns).

kae the Insei (Demonspawn Gladiator)                 Turns: 537, Time: 00:01:08

Health: 0/23       AC:  4    Str: 14    XL:     2   Next: 51%
Magic:  2/2        EV: 12    Int:  9    God:
Gold:   8          SH:  0    Dex: 14    Spells: 1/1 levels left

rFire   + . .      SeeInvis .     - Unarmed
rCold   + . .      Faith    .   (no shield)
rNeg    . . .      Spirit   .   a - +0 leather armour
rPois   +          Reflect  .   b - +0 helmet
rElec   +          Harm     .   (no cloak)
rCorr   +          Rampage  .   (no gloves)
Will    .....                   (no boots)
Stlth   +.........              (no amulet)
HPRegen 0.07/turn               (no ring)
MPRegen 0.08/turn               (no ring)

@: mighty, lethally poisoned (0 -> -1), resistant, hasted, very quick
A: powered by pain 1
a: no special abilities


You were on level 1 of the Dungeon.
You visited 1 branch of the dungeon, and saw 1 of its levels.

You collected 8 gold pieces.


Innate Abilities, Weirdness & Mutations

You sometimes gain a little power by taking damage.


   Skills:
 + Level 2.3 Fighting
 - Level 1.7 Throwing
 - Level 2.6 Dodging
 * Level 3.3 Unarmed Combat


You had one spell level left.
You didn't know any spells.
Your spell library was empty.

Inventory:

Missiles
 c - 3 throwing nets (quivered) {=f!f}
 d - 3 javelins
Armour
 a - a +0 leather armour (worn)
 b - a +0 helmet (worn)
 e - a +0 leather armour
   (You found it on level 1 of the Dungeon)
 f - a scarf of repulsion
   (You found it on level 1 of the Dungeon)
 h - a +0 robe
   (You found it on level 1 of the Dungeon)
 i - a +0 leather armour
   (You found it on level 1 of the Dungeon)
 j - a +0 ring mail
   (You found it on level 1 of the Dungeon)
 l - a +0 leather armour
   (You found it on level 1 of the Dungeon)

Dungeon Overview and Level Annotations

Branches:
Dungeon (1/15) Zot: 5468

Altars:

#.############
.............# .#
############.# .#
############.## .#
#...>.........# .#
#.##########..# .#
#.##########..# .#
............#.###.###.#
..##########....@g....#
..# ######.##.... ..#
... [ ..# ..... .##
.⌠...# ### ... ≈.≈.)..
... .... .....#. ###
.#### #.#..# .#


You could see a goblin.


Message History

No target in view! 😎 HP[+5]
Your hp is fully restored (23).
k - a fuming blue potion No target in view!
No target in view!
A ball python comes into view.
A ball python is nearby!
A ball python is nearby!
A ball python is nearby!
The ball python hisses angrily.
You hit the ball python. The ball python barely misses you.
The ball python grabs you. The ball python constricts you.
You barely miss the ball python. The ball python closely misses you.
The ball python constricts you.
You hit the ball python.
The ball python bites you but does no damage.
The ball python constricts you.
You hit the ball python.
You kill the ball python!
No target in view!
No target in view!
l - a +0 leather armour A frilled lizard comes into view.
Found a stone staircase leading down.
The frilled lizard hisses angrily.
The frilled lizard misses you.
A frilled lizard is nearby!
A frilled lizard is nearby!
A frilled lizard is nearby!
You hit the frilled lizard.
You kill the frilled lizard!
No target in view!
No target in view!
No target in view!
m - a grey potion No target in view!
No target in view!
A goblin comes into view. It is wielding a +0 club.
The goblin shouts!
A goblin comes into view. It is wielding a +0 dagger of venom.
There are monsters nearby!
There are monsters nearby!
You barely miss the goblin. The goblin hits you with a +0 club.
You barely miss the goblin. 😕 HP[-2]
You take 2 damage, and now have 21/23 hp.
You barely miss the goblin. The goblin hits you but does no damage.
You barely miss the goblin. You closely miss the goblin.
The goblin closely misses you. x2
You closely miss the goblin. The goblin hits you but does no damage.
The goblin hits you with a +0 dagger of venom.
You are poisoned. 😕 HP[-3]
You take 3 damage, and now have 18/23 hp.
The goblin attacks as you move away! The goblin closely misses you.
You feel very sick. 😮 HP[-3]
You take 3 damage, and now have 15/23 hp.
You closely miss the goblin.
You feel sick.
The goblin hits you with a +0 club. 😮 HP[-3]
You take 3 damage, and now have 12/23 hp.
You miss the goblin.
You feel sick. The goblin hits you with a +0 club.
* * * LOW HITPOINT WARNING * * *
😨 HP[-6]
You take 6 damage, and now have 6/23 hp.
MASSIVE DAMAGE!! (PAUSE) It was a potion of might.
You feel very mighty all of a sudden.
* * * LOW HITPOINT WARNING * * *
You feel sick. The goblin closely misses you. 😱 HP[-1]
You take 1 damage, and now have 5/23 hp.
It was a potion of haste.
You feel yourself speed up.
* * * LOW HITPOINT WARNING * * *
You feel sick.
The goblin hits you but does no damage. 😱 HP[-1]
You take 1 damage, and now have 4/23 hp.
It was a potion of resistance.
You feel protected.
* * * LOW HITPOINT WARNING * * *
You feel sick. The goblin closely misses you. 😱 HP[-1]
You take 1 damage, and now have 3/23 hp.
You hit the goblin. You punch the goblin.
You kill the goblin!
* * * LOW HITPOINT WARNING * * *
You feel sick. The goblin closely misses you.
Things that are here:
a +0 club; a goblin corpse; 😱 HP[-1]
You take 1 damage, and now have 2/23 hp.
You closely miss the goblin. You barely miss the goblin.
* * * LOW HITPOINT WARNING * * *
You feel sick. The goblin barely misses you. 😱 HP[-1]
You take 1 damage, and now have 1/23 hp.
You closely miss the goblin.
You die...

Skill      XL: |  1 |
---------------+----+-----
Unarmed Combat | 3 |  3.3
Fighting       | |  2.3
Throwing       | |  1.7
Dodging        | |  2.6

Action                   || total
-------------------------++-------
Melee: Unarmed           ||    62
       Punch             ||     2
  Use: Potion            ||     3
Armor: Leather armour    ||    18
Dodge: Dodged            ||    46

Levels and vault maps discovered:
D:1:      dpeg_arrival_tiny_a, layout_loops_ring,
          ebering_ecumenical_altar_petrified, hangedman_feature_mirror,
          solitary_fountain

Notes
Turn   | Place    | Note
-------+----------+-------------------------------------------
     0 | D:1      | kae the Demonspawn Gladiator began the quest for the Orb.
     0 | D:1      | Reached XP level 1. HP: 16/16 MP: 1/1
     0 | D:1      | magus.rc [v1.11.3]
   195 | D:1      | Reached skill level 3 in Unarmed Combat
   234 | D:1      | Gained mutation: You sometimes gain a little power by
                  | taking damage. [demonic ancestry]
   234 | D:1      | Reached XP level 2. HP: 20/22 MP: 2/2
   530 | D:1      | HP: 5/23 [poisoned by a goblin]
   534 | D:1      | HP: 2/23 [poisoned by a goblin]
   537 | D:1      | Succumbed to a goblin's poison

Vanquished Creatures
  A giant cockroach (D:1)
  4 goblins (D:1)
  A hobgoblin (D:1)
  3 kobolds (D:1)
  A quokka (D:1)
  3 ball pythons (D:1)
  A bat (D:1)
  A frilled lizard (D:1)
  A rat (D:1)
16 creatures vanquished.

Table legend:
 A = Non-vault XP
 B = Vault XP
 C = Vault XP percentage of total XP
 D = Non-vault monster count
 E = Vault monster count
 F = Vault count percentage of total count
                 A         B        C        D         E       F
            +---------+---------+-------+---------+---------+-------
      Total |      23 |       4 |  14.8 |      14 |       2 |  12.5
            +---------+---------+-------+---------+---------+-------
        D:1 |      23 |       4 |  14.8 |      14 |       2 |  12.5
            +---------+---------+-------+---------+---------+-------

Illustrated notes

Table legend:
 A = Kills in this place as a percentage of kills in entire the game.
 B = Kills by you in this place as a percentage of kills by you in the entire game.
 C = Kills by friends in this place as a percentage of kills by friends in the entire game.
 D = Other kills in this place as a percentage of other kills in the entire game.
 E = Experience gained in this place as a percentage of experience gained in the entire game.
 F = Experience gained in this place divided by the number of levels of this place that you have seen.
                   A       B       C       D       E      F
               +-------+-------+-------+-------+-------+----------------------
         Total | 100.0 | 100.0 |   N/A |   N/A | 100.0 |  27.0
       Dungeon | 100.0 | 100.0 |   N/A |   N/A | 100.0 |  27.0
               +-------+-------+-------+-------+-------+----------------------

Table legend: (Time is in decaauts)
 A = Elapsed time spent in this place.
 B = Non-inter-level travel time spent in this place.
 C = Inter-level travel time spent in this place.
 D = Time resting spent in this place.
 E = Time spent auto-exploring this place.
 F = Levels seen in this place.
 G = Mean time per level.
                   A        B        C        D        E       F      G
               +--------+--------+--------+--------+--------+-----+--------+
         Total |    531 |    531 |      0 |      0 |    416 |   1 |  531.0 |
       Dungeon |    531 |    531 |      0 |      0 |    416 |   1 |  531.0 |
               +--------+--------+--------+--------+--------+-----+--------+

Top non-repeatable levels by time:
     D:1: 531 daAuts
